[Event "2025 Fred Maris Cup (Division A)"]
[Site "Woodvale, Perth WA AUS"]
[Date "2025.07.02"]
[Round "4"]
[White "Selby, Michael"]
[Black "Taylor, Leon"]
[Result "0-1"]
[ECO "B23"]
[WhiteElo "2048"]
[BlackElo "2027"]
[PlyCount "64"]
[EventDate "2025.06.11"]
[EventType "swiss"]
[EventRounds "6"]
[EventCountry "AUS"]
[TimeControl "3600+30"]

1. e4 c5 2. Nc3 e5 3. Bc4 d6 4. d3 Nc6 5. f4 g6 6. Nf3 Bg7 7. O-O f6 8. fxe5
dxe5 9. Nd5 Qd6 10. Be3 Nge7 11. c3 Nxd5 12. Bxd5 Ne7 13. Bc4 Bd7 14. b4 cxb4
15. cxb4 b6 16. a3 Nc6 17. Qb3 O-O-O 18. Rac1 Kb8 19. Rfd1 Nd4 20. Nxd4 exd4
21. Bf2 f5 22. exf5 Be5 23. h3 gxf5 24. Re1 Rhe8 25. Ba6 Rg8 26. Qc2 Bf4 27.
Rcd1 Bc6 28. Bh4 Rxg2+ 29. Qxg2 Bxg2 30. Bxd8 Bh2+ 31. Kf2 Qg3+ 32. Ke2 Qe3#
0-1

[Event "2025 Fred Maris Cup (Division A)"]
[Site "Woodvale, Perth WA AUS"]
[Date "2025.07.05"]
[Round "4"]
[White "Clarke, Daniel"]
[Black "O'Shaughnessy, Dave"]
[Result "1-0"]
[ECO "B15"]
[WhiteElo "1908"]
[BlackElo "1811"]
[PlyCount "79"]
[EventDate "2025.06.11"]
[EventType "swiss"]
[EventRounds "6"]
[EventCountry "AUS"]
[TimeControl "3600+30"]

{Played away from club} 1. e4 c6 2. d4 d5 3. Nc3 g6 4. Be3 Bg7 5. exd5 cxd5 6.
Nf3 Nf6 7. h3 O-O 8. Qd2 Nc6 9. O-O-O Qa5 10. Kb1 a6 11. Bh6 Rd8 12. Bxg7 Kxg7
13. g4 Qc7 14. Qe3 b5 15. Ne5 Be6 16. f4 Ne4 17. Nxe4 Nxe5 18. Nc5 Nc4 19. Bxc4
bxc4 20. Qxe6 Qxc5 21. Qe5+ f6 22. Qxf6+ exf6 23. dxc5 d4 24. Rhe1 Kf7 25. Re4
d3 26. Rxc4 d2 27. c3 Rd3 28. Kc2 Rad8 29. c6 Rxh3 30. c7 Rc8 31. Rxd2 Re3 32.
Rd7+ Re7 33. Rxe7+ Kxe7 34. Rc6 h5 35. gxh5 gxh5 36. Kd3 Kf7 37. Ke4 Kg6 38. b4
h4 39. Kf3 Kh5 40. Rc5+ 1-0

[Event "2025 Fred Maris Cup (Division A)"]
[Site "Woodvale, Perth WA AUS"]
[Date "2025.07.02"]
[Round "4"]
[White "Gough, Dylan"]
[Black "Leonhardt, Wolfgang"]
[Result "1/2-1/2"]
[ECO "D07"]
[WhiteElo "1784"]
[BlackElo "1714"]
[PlyCount "52"]
[EventDate "2025.06.11"]
[EventType "swiss"]
[EventRounds "6"]
[EventCountry "AUS"]
[TimeControl "3600+30"]

1. d4 d5 2. c4 Nc6 3. Nf3 Bg4 4. e3 a6 5. cxd5 Qxd5 6. Be2 e6 7. O-O Bd6 8. h3
Bh5 9. Nc3 Qf5 10. e4 Qa5 11. Be3 Rd8 12. a3 Bxf3 13. Bxf3 Nge7 14. b4 Nxb4 15.
axb4 Qxb4 16. Qa4+ Nc6 17. d5 Qxa4 18. Nxa4 Ne5 19. Nc5 Nxf3+ 20. gxf3 Bxc5 21.
Bxc5 exd5 22. exd5 Rxd5 23. Rfe1+ Kd8 24. Rad1 Rxd1 25. Rxd1+ Kc8 26. Re1 b6
1/2-1/2

[Event "2025 Fred Maris Cup (Division A)"]
[Site "Woodvale, Perth WA AUS"]
[Date "2025.07.02"]
[Round "4"]
[White "Janceski, Alex"]
[Black "Wolstencroft, Alan"]
[Result "1/2-1/2"]
[ECO "B50"]
[WhiteElo "1838"]
[BlackElo "1794"]
[PlyCount "196"]
[EventDate "2025.06.11"]
[EventType "swiss"]
[EventRounds "6"]
[EventCountry "AUS"]
[TimeControl "3600+30"]

1. e4 c5 2. Nf3 d6 3. c3 Nf6 4. Be2 g6 5. O-O Bg7 6. h3 O-O 7. Qc2 Nc6 8. a4 e5
9. Bc4 a5 10. d3 h6 11. Be3 Qe7 12. Na3 Be6 13. Nh2 Rab8 14. Bb5 d5 15. exd5
Nxd5 16. Nc4 Nf4 17. Bxf4 exf4 18. Bxc6 bxc6 19. Nxa5 Qd7 20. Nc4 Bf5 21. Rfd1
Rfe8 22. Qd2 g5 23. a5 f3 24. Nb6 Rxb6 25. axb6 Re2 26. Qc1 fxg2 27. Ra7 Qe6
28. b7 Be5 29. Ra8+ Kg7 30. b8=Q Bxb8 31. Rxb8 Bxd3 32. Rd8 Qf6 33. Ng4 Qxd8
34. Re1 Qe7 35. Rxe2 Qxe2 36. Kxg2 Be4+ 37. Kh2 Qf3 38. Qg1 f5 39. Ne3 Qf4+ 40.
Qg3 Qxg3+ 41. fxg3 Kf6 42. Kg1 Bd3 43. Kf2 c4 44. Ng2 Ke5 45. Ne3 h5 46. h4 g4
47. Ng2 Be4 48. Nf4 Kf6 {(=)} 49. Nxh5+ Kg6 50. Nf4+ Kf6 51. Ke3 c5 52. Ne2 Bf3
53. Nf4 Be4 54. h5 Bf3 55. h6 Be4 56. h7 Kg7 57. Ne6+ Kxh7 58. Nxc5 Bg2 59. Kf4
Kg6 60. b4 cxb3 61. Nxb3 Bf1 62. Nd2 Bd3 63. c4 Kf6 64. c5 Ke6 65. Ke3 Bb5 66.
Nb3 Bc4 67. Nd2 Bd5 68. Kf4 Kf6 69. Nf1 Bc6 70. Ne3 Be4 71. Nxg4+ Ke6 72. Ne3
Bd3 73. Ng2 Kd5 74. Ne3+ Kxc5 75. Nxf5 Be2 76. Ke3 Bd1 77. Kf4 Kc6 78. Nd4+ Kd6
79. Nf3 Ke7 80. g4 Kf7 81. Ne5+ Kg7 82. g5 Bc2 83. Nc4 Kg6 84. Ne3 Bb1 85. Ng4
Bc2 86. Ne5+ Kg7 87. Kg4 Bd1+ 88. Kf4 Bc2 89. Ng4 Bb1 90. Ne3 Kg6 91. Ng2 Bc2
92. Nh4+ Kf7 93. Ke5 Kg7 94. Ke6 Bb3+ 95. Ke7 Bc2 96. Ke6 Bb3+ 97. Ke5 Bc2 98.
Nf5+ Kg6 1/2-1/2

[Event "2025 Fred Maris Cup (Division B)"]
[Site "Woodvale, Perth WA AUS"]
[Date "2025.07.02"]
[Round "4"]
[White "Shaw, Robin"]
[Black "Hapugala, Amila"]
[Result "1-0"]
[ECO "B09"]
[WhiteElo "1712"]
[BlackElo "1664"]
[PlyCount "49"]
[EventDate "2025.06.11"]
[EventType "tourn"]
[EventRounds "5"]
[EventCountry "AUS"]
[TimeControl "3600+30"]

1. e4 d6 2. f4 g6 3. d4 Bg7 4. Bc4 Nf6 5. Nc3 O-O 6. Be3 c6 7. Be2 b5 8. e5 Ne8
9. h4 h5 10. g4 b4 11. Ne4 f5 12. gxh5 fxe4 13. hxg6 Bf5 14. Bc4+ d5 15. Qh5
Bxg6 16. Qxg6 Qd7 17. Be2 Qf5 18. Qxf5 Rxf5 19. Bg4 Rf8 20. f5 Nc7 21. h5 Kf7
22. h6 Bh8 23. Bh5+ Kg8 24. Bg6 Nd7 25. h7+ 1-0

[Event "2025 Fred Maris Cup (Division B)"]
[Site "Woodvale, Perth WA AUS"]
[Date "2025.07.02"]
[Round "4"]
[White "Leech, Martin"]
[Black "Bhatia, Abhay"]
[Result "1-0"]
[ECO "C41"]
[WhiteElo "1646"]
[BlackElo "1688"]
[PlyCount "49"]
[EventDate "2025.06.11"]
[EventType "tourn"]
[EventRounds "5"]
[EventCountry "AUS"]
[TimeControl "3600+30"]

1. e4 e5 2. Nf3 d6 3. d4 exd4 4. Bc4 Bg4 5. O-O Nc6 6. c3 dxc3 7. Nxc3 Ne5 8.
Nxe5 dxe5 9. Qxg4 h5 10. Qf3 Nf6 11. Bg5 Be7 12. Rad1 Qc8 13. Nd5 Rf8 14. Nxf6+
gxf6 15. Bxf6 Qg4 16. Qxg4 hxg4 17. Bxe5 c6 18. Bd6 Rh8 19. Bxe7 Kxe7 20. Rd3
Rh4 21. f3 Rah8 22. fxg4 Rxg4 23. Rxf7+ Ke8 24. Rxb7 Rhh4 25. Bf7+ 1-0

[Event "2025 Fred Maris Cup (Division C)"]
[Site "Woodvale, Perth WA AUS"]
[Date "2025.07.02"]
[Round "4"]
[White "Pass, Tony"]
[Black "Michael, Ashley"]
[Result "0-1"]
[ECO "D00"]
[WhiteElo "1434"]
[BlackElo "1642"]
[PlyCount "74"]
[EventDate "2025.06.11"]
[EventType "tourn"]
[EventRounds "5"]
[EventCountry "AUS"]
[TimeControl "3600+30"]

1. d4 Nf6 2. Nc3 c5 3. Bf4 d5 4. e3 a6 5. h3 Nc6 6. Nf3 Bf5 7. Nh4 Bd7 8. Be2
e6 9. Nf3 cxd4 10. exd4 Bb4 11. O-O O-O 12. Ne5 Nxe5 13. Bxe5 Bxc3 14. bxc3 Ne4
15. Bd3 f6 16. Bf4 Bb5 17. Re1 g5 18. Bxe4 dxe4 19. Qg4 Bc4 20. h4 h5 21. Qg3
g4 22. Rxe4 Bd5 23. Ree1 Rc8 24. Bd2 f5 25. Bg5 Qa5 26. Bh6 Rxc3 27. Qf4 Rf7
28. Qg5+ Kh7 29. Qxh5 Rfc7 30. Bd2+ Kg8 31. Bxc3 Qxc3 32. Qg5+ Rg7 33. Qd8+ Kh7
34. Qb6 g3 35. Rf1 gxf2+ 36. Rxf2 Qxa1+ 37. Kh2 Qe1 0-1

[Event "2025 Fred Maris Cup (Division D)"]
[Site "Woodvale, Perth WA AUS"]
[Date "2025.07.09"]
[Round "4"]
[White "Walker, Colin"]
[Black "Gough, Sebastian"]
[Result "0-1"]
[ECO "E61"]
[WhiteElo "1413"]
[BlackElo "1295"]
[PlyCount "99"]
[EventDate "2025.06.11"]
[EventType "tourn"]
[EventRounds "5"]
[EventCountry "AUS"]
[TimeControl "3600+30"]

1. d4 Nf6 2. Nf3 d6 3. c4 g6 4. Nc3 Bg7 5. h3 O-O 6. Bf4 c5 7. d5 Qb6 8. Qd2 e5
9. Be3 Bf5 10. b3 e4 11. Nh2 Nfd7 12. Rc1 Qa5 13. g4 Bxc3 14. Qxc3 Qxc3+ 15.
Rxc3 Bxg4 16. Nxg4 f5 17. Nh2 a5 18. a4 Na6 19. Bf4 Ne5 20. Bxe5 dxe5 21. f3
Nb4 22. Bg2 e3 23. Kd1 f4 24. Ng4 Rae8 25. h4 h5 26. Nh2 Na2 27. Rc2 Nb4 28.
Rb2 Rd8 29. Kc1 Rd6 30. Rd1 Rf7 31. Kb1 Rh7 32. Bh3 Re7 33. Rg1 Kh7 34. Kc1 Rg7
35. Be6 Kh6 36. Rg5 Re7 37. Rxe5 Kg7 38. Rg5 Kh6 39. Kd1 Rexe6 40. Ke1 Rf6 41.
Kf1 Rf5 42. Rg2 g5 43. hxg5+ Rxg5 44. Rxg5 Kxg5 45. Kg1 Kh4 46. Rb1 Nc2 47. Nf1
Nd4 48. Rb2 Kh3 49. Kh1 Nf5 50. Ra2 0-1

[Event "2025 Fred Maris Cup (Division D)"]
[Site "Woodvale, Perth WA AUS"]
[Date "2025.07.02"]
[Round "4"]
[White "Lowson, Jeremy"]
[Black "Brooke, John"]
[Result "1-0"]
[ECO "C55"]
[WhiteElo "1373"]
[BlackElo "1275"]
[PlyCount "43"]
[EventDate "2025.06.11"]
[EventType "tourn"]
[EventRounds "5"]
[EventCountry "AUS"]
[TimeControl "3600+30"]

1. e4 e5 2. Nf3 Nc6 3. Bc4 h6 4. O-O Nf6 5. Nc3 a6 6. d3 Bc5 7. Be3 Bb4 8. Qd2
d6 9. a3 Ba5 10. b4 Bb6 11. Nd5 Nxd5 12. Bxd5 Nd4 13. Nxd4 exd4 14. Bf4 Qf6 15.
e5 Qd8 16. exd6 O-O 17. Be4 cxd6 18. Bxh6 gxh6 19. Qxh6 f5 20. Bd5+ Rf7 21.
Qg6+ Kf8 22. Qxf7# 1-0

[Event "2025 Fred Maris Cup (Division E)"]
[Site "Woodvale, Perth WA AUS"]
[Date "2025.07.02"]
[Round "4"]
[White "Powell, Darren"]
[Black "Lanham, Bruce"]
[Result "0-1"]
[ECO "B30"]
[WhiteElo "1245"]
[BlackElo "1235"]
[PlyCount "81"]
[EventDate "2025.06.11"]
[EventType "tourn"]
[EventRounds "5"]
[EventCountry "AUS"]
[TimeControl "3600+30"]

1. e4 c5 2. Nc3 a6 3. Nf3 Nc6 4. a3 Nf6 5. d3 e6 6. Bg5 b5 7. e5 h6 8. Bh4 g5
9. Bg3 Nh5 10. Nd2 Nxg3 11. hxg3 Nxe5 12. Qh5 Ng6 13. Qf3 d5 14. Ne2 Bg7 15.
Ra2 Bb7 16. c3 Qc7 17. Qg4 Ne5 18. Qh5 Nxd3+ 19. Kd1 Nxf2+ 20. Ke1 Nxh1 21.
Qxh1 Ke7 22. Ra1 Rad8 23. Qg1 d4 24. Nb3 d3 25. Qxc5+ Qxc5 26. Nxc5 dxe2 27.
Kxe2 Bc8 28. Rc1 Rd5 29. b4 Rhd8 30. Ke3 Rd1 31. Rxd1 Rxd1 32. Ke2 Ra1 33. Ne4
Rxa3 34. Kd3 Ra1 35. Be2 Bb7 36. Bf3 Bxe4+ 37. Bxe4 Ra3 38. Ke3 Rxc3+ 39. Kf2
Bd4+ 40. Kf1 Rxg3 41. Ke2 0-1

[Event "2025 Fred Maris Cup (Division E)"]
[Site "Woodvale, Perth WA AUS"]
[Date "2025.07.14"]
[Round "4"]
[White "O'Donnell, Simon"]
[Black "Batahena, Ayun"]
[Result "0-1"]
[WhiteElo "1219"]
[BlackElo "737"]
[PlyCount "72"]
[EventDate "2025.06.11"]
[EventType "tourn"]
[EventRounds "5"]
[EventCountry "AUS"]
[TimeControl "3600+30"]

{Played at Swan Valley Chess Club} 1. e4 e5 2. Nf3 Nc6 3. Bb5 a6 4. Ba4 Bc5 5.
Bxc6 dxc6 6. c3 Qe7 7. O-O Bg4 8. d4 Bxf3 9. gxf3 O-O-O 10. Be3 Qf6 11. Nd2
exd4 12. cxd4 Bxd4 13. Bxd4 Rxd4 14. Qe2 Qg5+ 15. Kh1 Qxd2 16. Qxd2 Rxd2 17.
Rab1 Ne7 18. Kg2 Rhd8 19. a4 R8d3 20. b4 Ra2 21. Rbd1 Ng6 22. Kg3 Raa3 23. Rxd3
Rxd3 24. Re1 Ne5 25. Re3 Rxe3 26. fxe3 Nd3 27. f4 Nxb4 28. e5 c5 29. Kf3 c4 30.
Ke2 c3 31. Kd1 c2+ 32. Kc1 c6 33. f5 Nd5 34. e6 fxe6 35. fxe6 Nxe3 36. a5 Kd8
0-1

[Event "2025 Fred Maris Cup (Division F)"]
[Site "Woodvale, Perth WA AUS"]
[Date "2025.07.02"]
[Round "4"]
[White "Markou, Victor"]
[Black "Young, Manfred"]
[Result "0-1"]
[ECO "C00"]
[WhiteElo "895"]
[BlackElo "1125"]
[PlyCount "72"]
[EventDate "2025.06.11"]
[EventType "tourn"]
[EventRounds "5"]
[EventCountry "AUS"]
[TimeControl "3600+30"]

1. e4 e6 2. Nf3 a6 3. g3 Nc6 4. Bg2 Bc5 5. O-O d6 6. Re1 e5 7. d3 h6 8. Nc3
Nge7 9. Na4 Ba7 10. Nc3 Bg4 11. h3 Bxf3 12. Bxf3 Nd4 13. Ne2 Nec6 14. c3 Nxf3+
15. Kf1 Nxe1 16. Qxe1 Qf6 17. f4 O-O-O 18. Ng1 g5 19. Nf3 gxf4 20. g4 Rhg8 21.
Nh2 h5 22. Nf3 hxg4 23. Nh4 gxh3 24. Nf3 Rg3 25. d4 Rxf3+ 26. Ke2 Rg3 27. d5
f3+ 28. Kd2 Rg2+ 29. Kd1 Rg1 30. dxc6 Rxe1+ 31. Kxe1 Qh4+ 32. Kd1 Rg8 33. Kc2
Qxe4+ 34. Kb3 Qxc6 35. Bd2 Rg2 36. Rh1 Rxd2 0-1

[Event "2025 Fred Maris Cup (Division F)"]
[Site "Woodvale, Perth WA AUS"]
[Date "2025.07.02"]
[Round "4"]
[White "Emmerton-Ginn, Tyler"]
[Black "Overste, Brian"]
[Result "0-1"]
[ECO "B00"]
[WhiteElo "1042"]
[BlackElo "1027"]
[PlyCount "44"]
[EventDate "2025.06.11"]
[EventType "tourn"]
[EventRounds "5"]
[EventCountry "AUS"]
[TimeControl "3600+30"]

1. e4 Nc6 2. d4 e5 3. d5 Nd4 4. Nf3 Bd6 5. Bd3 Nf6 6. Bg5 h6 7. Nxd4 exd4 8.
Bh4 Qe7 9. O-O Be5 10. c3 d6 11. c4 g5 12. Bg3 Ng4 13. Be2 h5 14. Qb3 a6 15.
Na3 h4 16. Bxe5 Qxe5 17. Bxg4 Bxg4 18. Qxb7 O-O 19. Qxc7 h3 20. c5 Qxe4 21. f3
Qxd5 22. fxg4 Qxg2# 0-1

[Event "2025 Fred Maris Cup (Division F)"]
[Site "Woodvale, Perth WA AUS"]
[Date "2025.07.02"]
[Round "4"]
[White "Frankland, David"]
[Black "Rennie, Mike"]
[Result "0-1"]
[ECO "D00"]
[WhiteElo "1159"]
[BlackElo "919"]
[PlyCount "92"]
[EventDate "2025.06.11"]
[EventType "tourn"]
[EventRounds "5"]
[EventCountry "AUS"]
[TimeControl "3600+30"]

1. d4 d5 2. e3 e6 3. h3 Nc6 4. Bb5 Bd7 5. Nf3 f6 6. a3 Bd6 7. Bd2 Nge7 8. g4
O-O 9. Bxc6 Bxc6 10. Nc3 b5 11. Na2 a5 12. g5 Nf5 13. Rg1 Qe7 14. h4 h5 15.
gxh6 Nxh6 16. h5 Qf7 17. Rg6 Be8 18. Nh4 Qe7 19. Rxh6 gxh6 20. Qg4+ Kh7 21. e4
Rg8 22. Ng6 Bxg6 23. hxg6+ Rxg6 24. Qh5 Rag8 25. O-O-O Qg7 26. b3 Bxa3+ 27. Kb1
f5 28. Nc3 c6 29. e5 Bb4 30. Ne2 Bxd2 31. Rxd2 Rg5 32. Qf3 c5 33. Nf4 Qf7 34.
dxc5 Rg4 35. Nd3 Qh5 36. Kb2 Qg5 37. Rd1 f4 38. Ra1 Qd8 39. Nxf4 Qf8 40. Qd3+
Kh8 41. Nxe6 Qe7 42. Nd4 Qxe5 43. c3 b4 44. Rxa5 bxc3+ 45. Kxc3 Qe1+ 46. Kb2
Qxa5 0-1

[Event "2025 Fred Maris Cup (Division A)"]
[Site "Woodvale, Perth WA AUS"]
[Date "2025.07.09"]
[Round "5"]
[White "Plaganyi, Gyula"]
[Black "Maris, Rob"]
[Result "1-0"]
[ECO "E12"]
[WhiteElo "1970"]
[WhiteTitle "CM"]
[BlackElo "2004"]
[PlyCount "117"]
[EventDate "2025.06.11"]
[EventType "swiss"]
[EventRounds "6"]
[EventCountry "AUS"]
[TimeControl "3600+30"]

1. d4 Nf6 2. c4 e6 3. Nf3 b6 4. Bg5 Bb7 5. e3 h6 6. Bh4 Be7 7. Nc3 d6 8. Qc2
Nbd7 9. h3 a6 10. Be2 Rc8 11. b4 c5 12. bxc5 bxc5 13. O-O Qc7 14. Bg3 Bxf3 15.
gxf3 cxd4 16. exd4 Qa7 17. Rfd1 Nh5 18. Kg2 g5 19. Qa4 Nf4+ 20. Bxf4 gxf4 21.
Rac1 Kf8 22. Ne4 f5 23. Nc3 Nb6 24. Qb3 Rg8+ 25. Kf1 Rb8 26. Rb1 Nd7 27. Qa4
Nb6 28. Qc6 Kf7 29. c5 Nd7 30. cxd6 Rgc8 31. Qxa6 Qxa6 32. Bxa6 Rxc3 33. dxe7
Rxf3 34. Bc4 Kxe7 35. Rxb8 Nxb8 36. Re1 Rxh3 37. Rxe6+ Kd7 38. d5 f3 39. Ke1
Rh4 40. Bb5+ Kd8 41. Re3 Rf4 42. Re8+ Kc7 43. Rh8 Re4+ 44. Kd2 Rd4+ 45. Bd3 Nd7
46. Ke3 Rxd5 47. Rxh6 Nc5 48. Bc2 Nd7 49. Kxf3 Ne5+ 50. Kf4 Ng4 51. Rh7+ Kd6
52. f3 Rd4+ 53. Kg3 Ne3 54. Bb3 f4+ 55. Kf2 Kc5 56. Rc7+ Kb4 57. Rf7 Kc3 58.
Rxf4 Rxf4 59. Kxe3 {Time expired} 1-0

[Event "2025 Fred Maris Cup (Division A)"]
[Site "Woodvale, Perth WA AUS"]
[Date "2025.07.09"]
[Round "5"]
[White "Taylor, Leon"]
[Black "Clarke, Daniel"]
[Result "0-1"]
[ECO "C56"]
[WhiteElo "2027"]
[BlackElo "1908"]
[PlyCount "82"]
[EventDate "2025.06.11"]
[EventType "swiss"]
[EventRounds "6"]
[EventCountry "AUS"]
[TimeControl "3600+30"]

1. e4 e5 2. Nf3 Nc6 3. d4 exd4 4. Bc4 Nf6 5. O-O Nxe4 6. Re1 d5 7. Bxd5 Qxd5 8.
Nc3 Qh5 9. Nxe4 Be6 10. Bg5 h6 11. Bh4 Be7 12. Bxe7 Kxe7 13. Ng3 Qd5 14. c4
Qxc4 15. Nd2 Qd5 16. f4 Kf8 17. Rc1 h5 18. Nge4 h4 19. Rc5 Qxa2 20. f5 Bd5 21.
f6 Bxe4 22. fxg7+ Kxg7 23. Nxe4 Rh6 24. Rf1 Rg6 25. Qf3 Qe6 26. Ng5 Qe3+ 27.
Qxe3 dxe3 28. Rxf7+ Kg8 29. Rxc7 Rd8 30. Kf1 Nd4 31. Rxb7 Rf6+ 32. Ke1 Rf2 33.
Rcc7 Re2+ 34. Kf1 Rf2+ 35. Ke1 Nc2+ 36. Rxc2 Rxc2 37. Nh7 Rd6 38. Rxa7 e2 39.
Kf2 Rd1 40. Nf6+ Kf8 41. Nh7+ Ke8 0-1

[Event "2025 Fred Maris Cup (Division A)"]
[Site "Woodvale, Perth WA AUS"]
[Date "2025.07.09"]
[Round "5"]
[White "Janceski, Alex"]
[Black "Sheikh, Suhail"]
[Result "1-0"]
[ECO "B06"]
[WhiteElo "1838"]
[BlackElo "1718"]
[PlyCount "155"]
[EventDate "2025.06.11"]
[EventType "swiss"]
[EventRounds "6"]
[EventCountry "AUS"]
[TimeControl "3600+30"]

1. d4 g6 2. e4 Bg7 3. c3 d6 4. Be3 Nf6 5. f3 Nbd7 6. Bd3 O-O 7. Ne2 a6 8. Qd2
e5 9. g4 c6 10. h4 h5 11. gxh5 Nxh5 12. Na3 b5 13. O-O-O Qf6 14. Rdf1 Qe6 15.
Kb1 Nb6 16. d5 cxd5 17. Bxb6 d4 18. Ba5 Bb7 19. Bc2 dxc3 20. Bxc3 d5 21. Bb3
Rfd8 22. exd5 Bxd5 23. Bxd5 Rxd5 24. Qe3 a5 25. Bd2 b4 26. Nc4 Rad8 27. Bc1 Rd3
28. Qc5 Rc8 29. Qb5 Qxc4 30. Qxc4 Rxc4 31. Bg5 Kh7 32. Nc1 Rd7 33. Nb3 a4 34.
Nd2 Rcd4 35. Ne4 f5 36. Nc5 Ra7 37. Rd1 Rc4 38. Rd5 Nf4 39. Bxf4 Rxf4 40. h5 g5
41. Ne6 Rc4 42. Nxg5+ Kh6 43. Ne6 Rc6 44. Nxg7 Rxg7 45. Rxe5 Rf7 46. Ra5 a3 47.
bxa3 Rb6 48. a4 Rff6 49. Kb2 Ra6 50. Rxa6 Rxa6 51. Kb3 Rc6 52. Kxb4 Rc2 53. Kb3
Rf2 54. Rh3 f4 55. a5 Rg2 56. a6 Rg3 57. a7 Rg8 58. Rh4 Ra8 59. Rxf4 Rxa7 60.
Rf5 Rb7+ 61. Ka4 Ra7+ 62. Kb3 Rb7+ 63. Kc3 Rc7+ 64. Kd4 Ra7 65. Ke3 Rxa2 66.
Rd5 Rh2 67. Ke4 Re2+ 68. Kf4 Rh2 69. Rf5 Rxh5 70. Rxh5+ Kxh5 71. Ke5 Kg5 72.
f4+ Kg6 73. Ke6 Kg7 74. f5 Kf8 75. Kf6 Kg8 76. Ke7 Kg7 77. f6+ Kg6 78. f7 1-0

[Event "2025 Fred Maris Cup (Division A)"]
[Site "Woodvale, Perth WA AUS"]
[Date "2025.07.16"]
[Round "6"]
[White "Clarke, Daniel"]
[Black "Plaganyi, Gyula"]
[Result "0-1"]
[ECO "B28"]
[WhiteElo "1908"]
[BlackElo "1970"]
[BlackTitle "CM"]
[PlyCount "50"]
[EventDate "2025.06.11"]
[EventType "swiss"]
[EventRounds "6"]
[EventCountry "AUS"]
[TimeControl "3600+30"]

1. e4 c5 2. Nf3 a6 3. d4 cxd4 4. Nxd4 Nf6 5. Nc3 e5 6. Nb3 Bb4 7. Qf3 Nc6 8.
Bd2 d6 9. a3 Bxc3 10. Bxc3 d5 11. exd5 Qxd5 12. Be2 O-O 13. Nd2 Be6 14. Rd1
Rfd8 15. O-O b5 16. Qg3 Nd4 17. Bd3 e4 18. Bxd4 Qxd4 19. Nb3 Qxb2 20. Be2 Qxc2
21. Nd4 Rxd4 22. Rxd4 Qxe2 23. Qc7 h6 24. h3 e3 25. fxe3 Qxe3+ 0-1

[Event "2025 Fred Maris Cup (Division A)"]
[Site "Woodvale, Perth WA AUS"]
[Date "2025.07.16"]
[Round "6"]
[White "Gibson, Jacob"]
[Black "Taylor, Leon"]
[Result "1-0"]
[ECO "B12"]
[WhiteElo "2032"]
[BlackElo "2027"]
[PlyCount "209"]
[EventDate "2025.06.11"]
[EventType "swiss"]
[EventRounds "6"]
[EventCountry "AUS"]
[TimeControl "3600+30"]

1. e4 c6 2. d4 d5 3. f3 e6 4. Nc3 Bb4 5. Bf4 Ne7 6. Nge2 O-O 7. a3 Ba5 8. b4
Bb6 9. Na4 Ng6 10. Nxb6 Qxb6 11. Bd6 Re8 12. e5 Qd8 13. f4 Nh4 14. Ng1 Nf5 15.
Bxb8 Rxb8 16. Nf3 Ne3 17. Qd3 Nxf1 18. Ng5 Ne3 19. Qxe3 f6 20. Nf3 b6 21. Qd3
c5 22. c3 f5 23. O-O c4 24. Qe2 Bd7 25. h3 Rf8 26. Kh1 h6 27. Nh2 Qh4 28. Qe1
Qxe1 29. Raxe1 Kh7 30. Rg1 Rg8 31. g4 g6 32. Rg3 Rbf8 33. Reg1 Ba4 34. Kg2 Bc2
35. Kf2 g5 36. gxf5 Rxf5 37. Ng4 Rxf4+ 38. Ke3 Rgf8 39. Nf6+ Kg6 40. Rg4 Rxg4
41. Rxg4 h5 42. Rg2 Bf5 43. h4 g4 44. Kf4 Rd8 45. Rb2 b5 46. a4 bxa4 47. Ra2 a5
48. bxa5 Ra8 49. Rxa4 Bc2 50. Ra3 Ra6 51. Nd7 Kf7 52. Nc5 Ra8 53. Ra2 Bd1 54.
a6 Ra7 55. Kg5 Ke7 56. Kxh5 g3+ 57. Kg5 Bf3 58. Ra1 g2 59. Kf4 Be2 60. Kg3 Bf1
61. Kf2 Ra8 62. a7 Kf7 63. Nd7 Rh8 64. Nb8 Rxh4 65. a8=Q Rh1 66. Qb7+ Kg6 67.
Qb1+ Kg5 68. Qxf1 gxf1=Q+ 69. Rxf1 Rh3 70. Rc1 Kf4 71. Kg2 Rd3 72. Rc2 Ke3 73.
Kf1 Rd1+ 74. Kg2 Kd3 75. Rf2 Kxc3 76. Nc6 Kb3 77. Rf3+ Kb2 78. Rf2+ Kc3 79. Kf3
Rd3+ 80. Kf4 Kb3 81. Kg5 c3 82. Na5+ Kb4 83. Nc6+ Kb5 84. Na7+ Kb4 85. Nc6+ Ka3
86. Kf6 Rd2 87. Rf3 Kb2 88. Rxc3 Kxc3 89. Kxe6 Kc4 90. Kd6 Rh2 91. e6 Rh6 92.
Kd7 Rh7+ 93. e7 Kb5 94. Na7+ Kb6 95. Kd6 Rh8 96. Nc6 Rh6+ 97. Kxd5 Rh8 98. Kd6
Kb7 99. Kd7 Rh7 100. d5 Rg7 101. d6 Rh7 102. Nd8+ Kb8 103. Ne6 Kb7 104. Kd8 Kc6
105. d7 1-0

[Event "2025 Fred Maris Cup (Division A)"]
[Site "Woodvale, Perth WA AUS"]
[Date "2025.07.16"]
[Round "6"]
[White "Maris, Rob"]
[Black "Verma, Abhinav"]
[Result "1-0"]
[ECO "D40"]
[WhiteElo "2004"]
[BlackElo "1830"]
[PlyCount "63"]
[EventDate "2025.06.11"]
[EventType "swiss"]
[EventRounds "6"]
[EventCountry "AUS"]
[TimeControl "3600+30"]

1. c4 e6 2. Nc3 d5 3. e3 Nf6 4. Nf3 c5 5. d4 Nc6 6. a3 a5 7. b3 cxd4 8. exd4 h6
9. Bf4 Bd6 10. Ne5 O-O 11. Be2 Qe7 12. Nb5 Bxe5 13. dxe5 Nd7 14. cxd5 Ncxe5 15.
Nc7 Rb8 16. O-O Ng6 17. d6 Qd8 18. Be3 b6 19. b4 axb4 20. axb4 Nf6 21. Bf3 Bb7
22. Bxb7 Rxb7 23. Qf3 Rb8 24. Rfd1 Qc8 25. Bxh6 gxh6 26. Qxf6 Rd8 27. h4 Rxd6
28. Rxd6 Qxc7 29. Rad1 Qe7 30. Rd8+ Rxd8 31. Rxd8+ Kh7 32. Rh8+ 1-0

[Event "2025 Fred Maris Cup (Division A)"]
[Site "Woodvale, Perth WA AUS"]
[Date "2025.07.16"]
[Round "6"]
[White "Wolstencroft, Alan"]
[Black "O'Shaughnessy, Dave"]
[Result "1/2-1/2"]
[ECO "B15"]
[WhiteElo "1794"]
[BlackElo "1811"]
[PlyCount "75"]
[EventDate "2025.06.11"]
[EventType "swiss"]
[EventRounds "6"]
[EventCountry "AUS"]
[TimeControl "3600+30"]

1. e4 c6 2. d4 d5 3. Nc3 g6 4. e5 Bg7 5. Be3 Nh6 6. f4 Nf5 7. Bf2 h5 8. Nf3 Qa5
9. Qd2 e6 10. Be2 Nd7 11. O-O-O a6 12. Kb1 Bf8 13. h3 h4 14. Bd3 Be7 15. Bxf5
exf5 16. g3 hxg3 17. Bxg3 Nf8 18. h4 Rh5 19. Ng5 Ne6 20. Ne2 Qxd2 21. Rxd2 Nxg5
22. fxg5 Bxg5 23. Nf4 Bxf4 24. Bxf4 Rh8 25. Bg5 Be6 26. Bf6 Rg8 27. Rg2 Kd7 28.
Rhg1 Rge8 29. b3 b5 30. b4 a5 31. c3 axb4 32. cxb4 Ra3 33. Rg3 Rea8 34. Rxa3
Rxa3 35. Rf1 Rd3 36. Rf4 Re3 37. Kb2 Re4 38. Bg5 1/2-1/2

[Event "2025 Fred Maris Cup (Division A)"]
[Site "Woodvale, Perth WA AUS"]
[Date "2025.07.16"]
[Round "6"]
[White "Leonhardt, Wolfgang"]
[Black "Sheikh, Suhail"]
[Result "0-1"]
[ECO "B06"]
[WhiteElo "1714"]
[BlackElo "1718"]
[PlyCount "82"]
[EventDate "2025.06.11"]
[EventType "swiss"]
[EventRounds "6"]
[EventCountry "AUS"]
[TimeControl "3600+30"]

1. e4 g6 2. Nf3 Bg7 3. d4 d6 4. Bc4 Nf6 5. h3 c6 6. Nc3 Nbd7 7. Be3 O-O 8. Qd2
Qa5 9. O-O e6 10. a3 Qc7 11. Rac1 d5 12. Bd3 Nb6 13. b3 dxe4 14. Nxe4 Nbd5 15.
Nxf6+ Nxf6 16. Bh6 Nd5 17. Ne5 f6 18. Bxg7 Qxg7 19. Nf3 e5 20. dxe5 fxe5 21.
Bc4 Be6 22. Ng5 Qf6 23. Nxe6 Qxe6 24. b4 Kg7 25. Rce1 Rad8 26. Qg5 Rde8 27. Qg3
b5 28. Bb3 Rf4 29. Re2 Qf5 30. c3 h5 31. f3 Nxc3 32. Rd2 Re7 33. Bc2 Qf6 34.
Re1 h4 35. Qf2 e4 36. Qc5 exf3 37. Rxe7+ Kh6 38. Rf2 Ne2+ 39. Rfxe2 fxe2 40.
Rxe2 Rf1+ 41. Kh2 Qf4+ 0-1

[Event "2025 Fred Maris Cup (Division B)"]
[Site "Woodvale, Perth WA AUS"]
[Date "2025.07.16"]
[Round "5"]
[White "Bhatia, Abhay"]
[Black "Shaw, Robin"]
[Result "1/2-1/2"]
[ECO "A41"]
[WhiteElo "1688"]
[BlackElo "1712"]
[PlyCount "56"]
[EventDate "2025.06.11"]
[EventType "tourn"]
[EventRounds "5"]
[EventCountry "AUS"]
[TimeControl "3600+30"]

1. e4 d6 2. d4 g6 3. c4 Bg7 4. Nf3 Bg4 5. Be2 Nc6 6. d5 Bxf3 7. Bxf3 Ne5 8. Be2
Nf6 9. Nd2 c5 10. f4 Ned7 11. g4 h5 12. g5 Nh7 13. h4 Qa5 14. a3 Nhf8 15. Rb1
Qc7 16. Rf1 O-O-O 17. b4 b6 18. bxc5 Nxc5 19. a4 Bc3 20. Qc2 Ba5 21. Bb2 Rg8
22. Ba3 Qd7 23. Bxc5 dxc5 24. Rh1 Rh8 25. Kf2 Nh7 26. Nf3 f6 27. Bf1 Qc7 28. e5
f5 1/2-1/2